[Event "Titled Tuesday Blitz September 27 Early 2022"]
[White "Zenin, Dmitry"]
[Black "Tologon tegin, Semetei"]
[WhiteFideId "4127897"]
[BlackFideId "13800574"]
[WhiteElo "2215"]
[BlackElo "2174"]
[Result "1/2-1/2"]
[Round "09"]
[TimeControl "180+1"]
[Date "2022.09.27"]
[WhiteClock "0:00:15"]
[BlackClock "0:00:28"]

1. d4 Nf6 2. c4 e6 3. Nc3 c5 4. d5 exd5 5. cxd5 d6 6. e4 g6 7. Bd3 Bg7 8. h3 O-O 9. Nf3 a6 10. a4 Nbd7 11. O-O Nh5 12. Re1 Ne5 13. Be2 Nxf3+ 14. Bxf3 Qh4 15. Bxh5 gxh5 16. Qd2 Re8 17. Qg5 Qxg5 18. Bxg5 Be5 19. f4 Bd4+ 20. Kh2 Bd7 21. a5 Rab8 22. e5 dxe5 23. Ne4 exf4 24. Bxf4 Ra8 25. Nd6 Rxe1 26. Rxe1 Bxb2 27. Re7 Bb5 28. Nxf7 Bg7 29. Ng5 Rd8 30. Rxg7+ Kxg7 31. Ne6+ Kf6 32. Nxd8 Kf5 33. Kg3 Ke4 34. d6 Kd5 35. Nxb7 c4 36. Bd2 Kc6 37. Nd8+ Kxd6 38. Nf7+ Ke6 39. Ng5+ Kf5 40. Nxh7 Bc6 41. Kf2 Ke4 42. Ng5+ Kd3 43. Bb4 c3 44. Nf3 c2 45. Ne1+ Kc4 46. Nxc2 Ba4 47. Ne3+ Kxb4 48. g4 hxg4 49. hxg4 Kxa5 50. Nd5 Bb3 51. Nc7 Kb6 52. Nxa6 Kxa6 53. g5 Kb6 54. g6 Kc6 55. g7 Bg8 56. Ke3 Kd6 57. Kd2 Ke6 58. Ke3 Kf6 59. Kd2 Kg6 60. Ke3 Kh6 61. Kd2 Kh7 62. Ke3 Kg6 63. Kd2 Kf7 64. Ke3 Kf6 65. Kd2 Kf5 66. Kc1 Ke5 67. Kd2 Ke4 68. Kc1 Kd3 69. Kd1 Ke3 70. Kc1 Ke2 71. Kc2 Ke3 72. Kc3 Ke4 73. Kc2 Kd4 74. Kd2 Bc4 75. Kd1 Ke3 76. g8=Q Bxg8 1/2-1/2


[Site "https://www.chess.com"]

[Event "Titled Tuesday Blitz September 27 Early 2022"]
[White "Zheenbekov, Nurgazy"]
[Black "Cnejev, Vladimir-Alexandru"]
[WhiteFideId "13800485"]
[BlackFideId "1260898"]
[WhiteElo "1932"]
[BlackElo "1983"]
[Result "0-1"]
[Round "09"]
[TimeControl "180+1"]
[Date "2022.09.27"]
[WhiteClock "0:00:10"]
[BlackClock "0:00:15"]

1. e4 e5 2. Nf3 Nc6 3. Bb5 a6 4. Ba4 b5 5. Bb3 Bb7 6. O-O Be7 7. c3 Nf6 8. d4 Nxe4 9. d5 Na5 10. Bc2 Nf6 11. Nxe5 Bxd5 12. Bg5 c6 13. a4 Nc4 14. Nxc4 Bxc4 15. Re1 Be6 16. Qd3 h6 17. Bh4 g5 18. Bg3 Nd5 19. Nd2 d6 20. Ne4 Kd7 21. c4 bxc4 22. Qxc4 Qb6 23. Rad1 h5 24. h3 h4 25. Bh2 Rhb8 26. Qe2 Qxb2 27. Rd2 Qb6 28. Red1 Rd8 29. Rxd5 cxd5 30. Nc3 Qc5 0-1


[Site "https://www.chess.com"]

[Event "Titled Tuesday Blitz September 27 Early 2022"]
[White "Zhigalko, Sergei"]
[Black "Svane, Frederik"]
[WhiteFideId "13502956"]
[BlackFideId "12923044"]
[WhiteElo "2662"]
[BlackElo "2459"]
[Result "1/2-1/2"]
[Round "09"]
[TimeControl "180+1"]
[Date "2022.09.27"]
[WhiteClock "0:00:05"]
[BlackClock "0:00:01"]

1. e4 e6 2. d4 d5 3. e5 Nc6 4. Nf3 f6 5. Bb5 Qd7 6. O-O a6 7. Bxc6 Qxc6 8. Re1 Bd7 9. b3 O-O-O 10. a4 Be8 11. Ba3 Bh5 12. Nbd2 Bxa3 13. Rxa3 Ne7 14. b4 Ng6 15. b5 axb5 16. axb5 Qxb5 17. exf6 gxf6 18. Rxe6 Rhe8 19. Rxf6 b6 20. h3 Nh4 21. g4 Nxf3+ 22. Nxf3 Bg6 23. Ne5 Kb7 24. Rb3 Qa4 25. Qb1 Qxd4 26. Rb4 Qxe5 27. Rbxb6+ Kc8 28. Qb5 Qe1+ 29. Kh2 Qe5+ 30. Kg1 Qe1+ 31. Kh2 Qe5+ 32. Kg1 1/2-1/2


[Site "https://www.chess.com"]

[Event "Titled Tuesday Blitz September 27 Early 2022"]
[White "Zong, Davis"]
[Black "Kostiukov, Alexandr"]
[WhiteFideId "30903955"]
[BlackFideId "14108100"]
[WhiteElo "2061"]
[BlackElo "2202"]
[Result "1-0"]
[Round "09"]
[TimeControl "180+1"]
[Date "2022.09.27"]
[WhiteClock "0:00:12"]
[BlackClock "0:00:03"]

1. c4 c5 2. Nf3 Nf6 3. g3 g6 4. Bg2 Bg7 5. O-O O-O 6. d4 cxd4 7. Nxd4 Nc6 8. Nc3 Nxd4 9. Qxd4 d6 10. Bg5 Be6 11. Qd3 Qa5 12. Bxf6 Bxf6 13. Rab1 Rab8 14. b4 Qa6 15. Nd5 Bxd5 16. Bxd5 Qxa2 17. h4 Qa4 18. h5 Kg7 19. Qe3 a6 20. Kg2 Qc2 21. Rh1 g5 22. h6+ Kh8 23. Qf3 Qc3 24. Qg4 Qd4 25. Qf3 b5 26. Be4 e6 27. Rhd1 Qe5 28. cxb5 Rxb5 29. Rxd6 Be7 30. Rxa6 f5 31. Bd3 Rxb4 32. Rxb4 Bxb4 33. Ra7 Qf6 34. Qb7 Bc3 35. Qxh7# 1-0


[Site "https://www.chess.com"]

[Event "Titled Tuesday Blitz September 27 Early 2022"]
[White "Abdisalimov, Abdimalik"]
[Black "Martinez Alcantara, Jose Eduardo"]
[WhiteFideId "14206323"]
[BlackFideId "3805662"]
[WhiteElo "2401"]
[BlackElo "2703"]
[Result "1/2-1/2"]
[Round "10"]
[TimeControl "180+1"]
[Date "2022.09.27"]
[WhiteClock "0:00:05"]
[BlackClock "0:00:12"]

1. d4 Nf6 2. c4 e6 3. Nc3 Bb4 4. e3 O-O 5. Bd3 d6 6. Ne2 e5 7. O-O Nc6 8. a3 Bxc3 9. Nxc3 h6 10. d5 Nb8 11. e4 a5 12. Rb1 Re8 13. b4 Nbd7 14. Be3 Nf8 15. f3 Ng6 16. Qd2 Bd7 17. c5 axb4 18. axb4 Ra3 19. Nb5 Bxb5 20. Bxb5 Rf8 21. Ra1 Rxa1 22. Rxa1 Nh7 23. Ra7 Ng5 24. Rxb7 Nh4 25. Be2 f5 26. cxd6 cxd6 27. Bxg5 hxg5 28. g3 fxe4 29. gxh4 exf3 30. Bf1 Qc8 31. Re7 Qg4+ 32. Kh1 gxh4 33. Qf2 Qe4 34. b5 Rc8 35. b6 Rc2 36. Qg1 Rg2 37. Bxg2 fxg2+ 38. Qxg2 Qb1+ 39. Qg1 Qe4+ 40. Qg2 Qe1+ 41. Qg1 Qe4+ 42. Qg2 1/2-1/2


[Site "https://www.chess.com"]

[Event "Titled Tuesday Blitz September 27 Early 2022"]
[White "Adewumi, Tanitoluwa"]
[Black "Sargissyan, Sargis"]
[WhiteFideId "30966396"]
[BlackFideId "13303210"]
[WhiteElo "2564"]
[BlackElo "2102"]
[Result "1-0"]
[Round "10"]
[TimeControl "180+1"]
[Date "2022.09.27"]
[WhiteClock "0:00:19"]
[BlackClock "0:00:07"]

1. Nf3 Nf6 2. b3 d5 3. Bb2 Bf5 4. e3 e6 5. Bd3 c6 6. Bxf5 exf5 7. d3 Nbd7 8. Nbd2 Bd6 9. O-O O-O 10. Re1 Re8 11. Qe2 Qe7 12. Rad1 a5 13. a4 Ng4 14. h3 Nge5 15. Nd4 Qf6 16. Qf1 f4 17. e4 f3 18. Nf5 Qg6 19. Nh4 Qf6 20. Bxe5 Bxe5 21. Nhxf3 Bc3 22. exd5 cxd5 23. Rxe8+ Rxe8 24. Re1 Rc8 25. Qe2 g6 26. d4 Bxd4 27. Qb5 Nb6 28. Qxa5 Rxc2 29. Qb4 Bc3 30. Re8+ 1-0


[Site "https://www.chess.com"]

[Event "Titled Tuesday Blitz September 27 Early 2022"]
[White "Agasarov, Benik"]
[Black "Stremavicius, Titas"]
[WhiteFideId "13314823"]
[BlackFideId "12804444"]
[WhiteElo "2152"]
[BlackElo "2399"]
[Result "0-1"]
[Round "10"]
[TimeControl "180+1"]
[Date "2022.09.27"]
[WhiteClock "0:01:08"]
[BlackClock "0:01:12"]

1. c4 f5 2. d4 Nf6 3. Nc3 e6 4. g3 d5 5. Bg2 c6 6. Nh3 Bd6 7. O-O O-O 8. Bf4 Be7 9. Qb3 Nh5 10. Be5 Nd7 11. Nf4 Nxe5 12. dxe5 Nxf4 13. gxf4 Kh8 14. Rad1 Qe8 15. e3 Qh5 16. Qc2 g5 17. Qe2 Qh4 18. fxg5 f4 19. Rd4 Qxg5 20. exf4 Rxf4 21. Qd2 Rxd4 22. Qxd4 Bd7 23. cxd5 Rg8 24. Qe4 exd5 25. Qf3 Qxe5 26. Kh1 Bd6 0-1


[Site "https://www.chess.com"]

[Event "Titled Tuesday Blitz September 27 Early 2022"]
[White "Aguilar, Juan"]
[Black "Gracia Alvarez, Gerardo Antonio"]
[WhiteFideId "3800091"]
[BlackFideId "5109124"]
[WhiteElo "2362"]
[BlackElo "2139"]
[Result "0-1"]
[Round "10"]
[TimeControl "180+1"]
[Date "2022.09.27"]
[WhiteClock "0:00:01"]
[BlackClock "0:00:04"]

1. d4 Nf6 2. c4 c5 3. d5 b5 4. Nf3 g6 5. a4 b4 6. Nbd2 Bg7 7. e4 d6 8. Bd3 a5 9. O-O O-O 10. Re1 e5 11. Nf1 Nh5 12. Ng3 Nf4 13. Bf1 Qf6 14. Be3 Bg4 15. Qd2 Nd7 16. Kh1 h6 17. Ng1 Nb6 18. b3 Rae8 19. f3 Bc8 20. N1e2 Nxe2 21. Bxe2 Kh7 22. Rf1 Qh4 23. Bf2 Qd8 24. Rae1 f5 25. exf5 gxf5 26. Bd3 Kh8 27. Nh5 Qg5 28. Qxg5 hxg5 29. Nxg7 Kxg7 30. Be3 f4 31. Bd2 Nd7 32. g3 Kh6 33. gxf4 exf4 34. Re6+ Rxe6 35. dxe6 Ne5 36. Be4 Bxe6 37. Rd1 Nf7 38. Bc1 Rd8 39. h4 Kh5 40. hxg5 Kxg5 41. Rg1+ Kf6 42. Bxf4 Rh8+ 43. Kg2 Rh4 44. Be3 Ng5 45. Bxg5+ Kxg5 46. Kf2+ Kf4 47. Rg6 Ke5 48. Rg5+ Kd4 49. Rg6 Ke5 50. Rg5+ Kf6 51. Rg6+ Kf7 52. Rg5 Rh2+ 53. Ke3 Rb2 54. Bd5 Rxb3+ 55. Ke4 Bxd5+ 56. Kxd5 Rd3+ 57. Kc6 b3 58. Rg2 Ke6 0-1


[Site "https://www.chess.com"]

[Event "Titled Tuesday Blitz September 27 Early 2022"]
[White "Aldokhin, Ivan"]
[Black "Piesik, Piotr"]
[WhiteFideId "24115720"]
[BlackFideId "1136194"]
[WhiteElo "2243"]
[BlackElo "2221"]
[Result "0-1"]
[Round "10"]
[TimeControl "180+1"]
[Date "2022.09.27"]
[WhiteClock "0:00:04"]
[BlackClock "0:00:15"]

1. e4 g6 2. d4 Bg7 3. Nc3 c6 4. Nf3 d6 5. h3 Nf6 6. Bg5 O-O 7. Be2 Nbd7 8. O-O e5 9. Qd2 Qe7 10. Rfe1 Re8 11. Bf1 Nf8 12. d5 Qc7 13. a4 c5 14. Nb5 Qe7 15. b4 a6 16. Na3 cxb4 17. Qxb4 N8d7 18. Nc4 Nc5 19. Nfxe5 Qc7 20. Nd3 Ncxe4 21. Bxf6 Bxf6 22. Nb6 Bf5 23. Nxa8 Rxa8 24. Rab1 Bc3 25. Qxb7 Qxb7 26. Rxb7 Bxe1 27. Nxe1 Nc5 28. Rb6 Nxa4 29. Rxa6 Rxa6 30. Bxa6 Nc3 31. Bc4 Be4 32. f3 Bxd5 33. Ba6 f5 34. Kf2 Kf7 35. Ke3 Be6 36. Kd4 Na4 37. Nd3 g5 38. f4 h6 39. g3 Kf6 40. c4 Bd7 41. Bb5 Nb6 42. Nb4 Be6 43. c5 dxc5+ 44. Kxc5 Nc8 45. Nd3 Ne7 46. Kd6 Nc8+ 47. Kc5 Ne7 48. Ne5 gxf4 49. gxf4 Nd5 50. Nd3 Ne3 51. Kd4 Nc2+ 52. Kc5 Bf7 53. Bc6 Bh5 54. Ne5 Be2 55. Kd6 Ne3 56. Nd7+ Kf7 57. Ke5 Bf1 58. Nc5 Bxh3 59. Bb5 Kg6 60. Be2 Bg4 61. Bd3 h5 62. Nd7 h4 63. Nf6 Bh3 64. Nd5 Nxd5 65. Kxd5 Bg4 66. Ke5 h3 67. Bf1 h2 68. Bg2 Kh5 69. Kf6 Kh4 70. Bh1 Kg3 71. Kg5 Kf2 72. Kh4 Kg1 73. Bd5 h1=Q+ 74. Bxh1 Kxh1 75. Kg3 Kg1 76. Kh4 Kf2 0-1


[Site "https://www.chess.com"]

[Event "Titled Tuesday Blitz September 27 Early 2022"]
[White "Amgalantengis, Enkh-Amgalan"]
[Black "Ovchinnikov, Vsevolod"]
[WhiteFideId "4903536"]
[BlackFideId "24176842"]
[WhiteElo "1719"]
[BlackElo "2376"]
[Result "0-1"]
[Round "10"]
[TimeControl "180+1"]
[Date "2022.09.27"]
[WhiteClock "0:01:52"]
[BlackClock "0:00:15"]

1. c4 Nf6 2. Nc3 d5 3. cxd5 Nxd5 4. e4 Nxc3 5. bxc3 g6 6. Nf3 Bg7 7. d4 O-O 8. Bc4 c5 9. O-O Bg4 10. Be3 Nc6 11. d5 Na5 12. Be2 Rc8 13. Rc1 e6 14. c4 exd5 15. cxd5 Re8 16. h3 Bxf3 17. Bxf3 Qd6 18. Qd2 b6 19. Bf4 Be5 20. Bxe5 Qxe5 21. Rfd1 Rcd8 22. g3 f5 23. exf5 Qxf5 24. d6 Qxf3 25. Re1 Rxe1+ 26. Rxe1 Nc4 27. Qg5 Rf8 28. Rf1 Nxd6 29. Qe7 Ne4 30. Qe6+ Rf7 31. Qe8+ Kg7 32. Qe5+ Nf6 33. a4 Qe4 34. Qa1 Qd4 35. Qc1 Ne4 36. Qc2 h5 37. h4 Kh7 38. a5 bxa5 39. Qa2 Kg7 40. Kg2 c4 41. f3 Qd2+ 42. Qxd2 Nxd2 43. Rd1 Nxf3 44. Rd6 Ne5 45. Rd5 Re7 46. Rc5 Kf6 47. Rxa5 Rc7 48. Ra1 c3 49. Kf2 c2 50. g4 c1=Q 51. Rxc1 Rxc1 52. g5+ Kf5 53. Kg3 Rc4 54. Kh3 Rg4 55. Kh2 Rxh4+ 56. Kg3 Rg4+ 57. Kh3 Kxg5 58. Kh2 Kf4 59. Kh3 Kf3 60. Kh2 Kf2 61. Kh1 Rg1+ 62. Kh2 Nf3+ 63. Kh3 Rg3# 0-1


[Site "https://www.chess.com"]

[Event "Titled Tuesday Blitz September 27 Early 2022"]
[White "Andreikin, Dmitry"]
[Black "Petrosyan, Manuel"]
[WhiteFideId "4158814"]
[BlackFideId "13300857"]
[WhiteElo "2736"]
[BlackElo "2592"]
[Result "0-1"]
[Round "10"]
[TimeControl "180+1"]
[Date "2022.09.27"]
[WhiteClock "0:00:03"]
[BlackClock "0:00:06"]

1. d4 Nf6 2. c4 e6 3. Nf3 d5 4. g3 Bb4+ 5. Nbd2 O-O 6. Bg2 b6 7. O-O Bb7 8. Ne5 a5 9. a3 Be7 10. b3 c5 11. dxc5 bxc5 12. Bb2 Qb6 13. Rb1 d4 14. e4 Nc6 15. Nd3 e5 16. f4 Nd7 17. Bc1 Qc7 18. Nf3 f5 19. Re1 fxe4 20. Rxe4 Nf6 21. Rxe5 Nxe5 22. Nfxe5 Bxg2 23. Kxg2 Qb7+ 24. Qf3 Qxf3+ 25. Kxf3 Bd6 26. Bd2 Rfc8 27. a4 Rc7 28. Ng4 Nxg4 29. Kxg4 Rb7 30. Kf3 Rab8 31. Nc1 Kf7 32. Ke4 Ke6 33. Kd3 Kf5 34. h3 h5 35. Kc2 Ra8 36. Nd3 Re7 37. Rg1 Re2 38. g4+ hxg4 39. hxg4+ Ke4 40. Rh1 Rb8 41. Rh3 Bxf4 42. Nxf4 Rxd2+ 43. Kxd2 Kxf4 44. Rh5 g5 45. Rh6 Rxb3 46. Rc6 Rb4 47. Rxc5 Rxa4 48. Kd3 Kxg4 49. Kxd4 Ra1 50. Kc3 Kf4 51. Kb2 Re1 52. Rxa5 g4 53. Ra8 g3 54. Rf8+ Kg4 55. Rg8+ Kf3 56. Kc3 Re4 57. c5 g2 58. Rxg2 Kxg2 59. c6 Re6 0-1


[Site "https://www.chess.com"]

[Event "Titled Tuesday Blitz September 27 Early 2022"]
[White "Babazada, Khazar"]
[Black "Bortnyk, Olexandr"]
[WhiteFideId "13413554"]
[BlackFideId "14120828"]
[WhiteElo "2409"]
[BlackElo "2723"]
[Result "0-1"]
[Round "10"]
[TimeControl "180+1"]
[Date "2022.09.27"]
[WhiteClock "0:00:06"]
[BlackClock "0:00:04"]

1. Nf3 Nf6 2. g3 d6 3. d4 g6 4. Bg2 Bg7 5. O-O O-O 6. Nc3 Nbd7 7. e4 e5 8. h3 b6 9. dxe5 dxe5 10. Qe2 Bb7 11. Rd1 Qe7 12. a4 Nc5 13. Bg5 a5 14. Qe3 c6 15. Nd2 Ba6 16. Bf1 Bxf1 17. Kxf1 Qe6 18. Kg2 Nfd7 19. Bh6 Rfd8 20. Bxg7 Kxg7 21. Qe2 Nf6 22. Nc4 Rab8 23. Rxd8 Rxd8 24. Nxb6 Rd4 25. b3 Ncxe4 26. Nxe4 Nxe4 27. Nc4 f6 28. f3 Ng5 29. Rh1 Qd5 30. h4 Ne6 31. Re1 Rxh4 32. Ne3 Qc5 33. Qa6 Rd4 34. Qb7+ Kg8 35. Re2 Rd8 36. Ng4 Qf8 37. c3 h5 38. Nf2 Qf7 39. Qxc6 Ng5 40. f4 exf4 41. gxf4 Nh7 42. Ne4 Kg7 43. Nc5 Kh6 44. Ne6 Re8 45. f5 gxf5 46. Qd6 Rg8+ 47. Kh2 Rg4 48. Nd4 Qg6 49. Kh3 Ng5+ 50. Kh2 Rh4+ 51. Kg1 Ne4+ 0-1


[Site "https://www.chess.com"]

[Event "Titled Tuesday Blitz September 27 Early 2022"]
[White "Baches Garcia, Guillermo"]
[Black "Samaganova, Aleksandra"]
[WhiteFideId "2209764"]
[BlackFideId "13800221"]
[WhiteElo "2392"]
[BlackElo "1864"]
[Result "1-0"]
[Round "10"]
[TimeControl "180+1"]
[Date "2022.09.27"]
[WhiteClock "0:00:14"]
[BlackClock "0:00:03"]

1. e4 c5 2. Nf3 e6 3. c4 a6 4. Nc3 Qc7 5. Be2 d6 6. a3 Nf6 7. b4 b6 8. O-O Bb7 9. d3 Be7 10. h3 Nbd7 11. Bf4 O-O 12. Rb1 cxb4 13. axb4 Ne5 14. Nd2 b5 15. Bxe5 dxe5 16. c5 Rfd8 17. Qb3 Bc6 18. Rfc1 Rd7 19. Qb2 Rad8 20. Nb3 h6 21. Nd1 Nh7 22. Ne3 Nf8 23. Ng4 Ng6 24. Bf1 h5 25. Nh2 Nf4 26. Nf3 Nxd3 27. Bxd3 Rxd3 28. Qxe5 Qc8 29. Qxh5 Bxe4 30. Ng5 Bxg5 31. Qxg5 R3d5 32. Qg3 Bxb1 33. Rxb1 Rd1+ 34. Rxd1 Rxd1+ 35. Kh2 Qd8 36. Na5 f6 37. c6 e5 38. Qg4 Rd4 39. Qe6+ Kh7 40. Qf7 Qb6 41. c7 Rc4 42. Qh5+ Kg8 43. Qe8+ Kh7 44. Nxc4 bxc4 45. c8=Q Qxf2 46. Qh5# 1-0


[Site "https://www.chess.com"]

[Event "Titled Tuesday Blitz September 27 Early 2022"]
[White "Balabayeva, Xeniya"]
[Black "Shapiro, Daniel"]
[WhiteFideId "13719688"]
[BlackFideId "2001780"]
[WhiteElo "1895"]
[BlackElo "2224"]
[Result "0-1"]
[Round "10"]
[TimeControl "180+1"]
[Date "2022.09.27"]
[WhiteClock "0:00:17"]
[BlackClock "0:00:39"]

1. e4 c5 2. Nf3 e6 3. g3 Nc6 4. Bg2 g6 5. O-O Bg7 6. c3 Nge7 7. Re1 e5 8. c4 d6 9. Nc3 O-O 10. d3 h6 11. Nd5 Be6 12. Bd2 f5 13. a3 Qd7 14. Nh4 g5 15. Nxf5 Nxf5 16. exf5 Bxf5 17. Bc3 Rf7 18. Ne3 Be6 19. b4 Raf8 20. Rf1 b6 21. Qh5 Nd4 22. Qd1 Bh3 23. Bxd4 Bxg2 24. Kxg2 cxd4 25. Nd5 g4 26. Qe2 Rf3 27. Qe4 Qf7 28. Ra2 h5 29. h3 h4 30. gxh4 Rxh3 31. Qxg4 Rxd3 32. f4 Kh8 33. fxe5 Qxf1+ 0-1


[Site "https://www.chess.com"]

[Event "Titled Tuesday Blitz September 27 Early 2022"]
[White "Balkum, Alexander"]
[Black "Orlov, Georgi"]
[WhiteFideId "2005069"]
[BlackFideId "2011271"]
[WhiteElo "2393"]
[BlackElo "2585"]
[Result "1/2-1/2"]
[Round "10"]
[TimeControl "180+1"]
[Date "2022.09.27"]
[WhiteClock "0:00:09"]
[BlackClock "0:00:13"]

1. e4 b6 2. d4 Bb7 3. Nc3 e6 4. Bd3 Nf6 5. Nge2 d5 6. exd5 exd5 7. O-O Be7 8. Ng3 O-O 9. Re1 Bb4 10. Bg5 h6 11. Bd2 c5 12. Nf5 c4 13. Be2 Bxc3 14. bxc3 Ne4 15. f3 Nxd2 16. Qxd2 Qf6 17. Ng3 Nd7 18. f4 Rfe8 19. Bf3 g6 20. f5 Kg7 21. Qf4 Bc6 22. Kf2 Ba4 23. Qd2 Bc6 24. Rxe8 Rxe8 25. Re1 Rxe1 26. Qxe1 Qd6 27. Qd2 Nf6 28. fxg6 fxg6 29. h4 Bd7 30. h5 g5 31. Qe3 Be6 32. Qe5 Qxe5 33. dxe5 Nd7 34. Ke3 Nxe5 35. Kd4 Nc6+ 36. Ke3 Kf6 37. Ne2 Ke5 38. Nd4 Nxd4 39. cxd4+ Kd6 40. g4 Kc6 41. c3 Kb5 42. Bd1 Ka5 43. Kd2 Bd7 44. a3 Be6 45. Kc1 Kb5 46. Kb2 Bg8 47. Bf3 Kc6 48. Be2 Bh7 49. Bf3 Be4 50. Be2 b5 51. Bd1 a5 52. Be2 Bd3 53. Bd1 Kb6 54. Ka2 Be4 55. Kb2 Ka6 56. Be2 b4 57. axb4 Kb5 58. bxa5 Kxa5 59. Ka3 Kb5 60. Bd1 Ka5 61. Be2 Kb6 62. Kb4 Kc6 63. Bd1 Kd6 64. Be2 Bg2 65. Bd1 Bf1 66. Bf3 Bd3 67. Bd1 Bf1 68. Bf3 Bh3 69. Bd1 Bg2 70. Be2 Be4 71. Bd1 Kc6 72. Be2 Kb6 1/2-1/2


[Site "https://www.chess.com"]

[Event "Titled Tuesday Blitz September 27 Early 2022"]
[White "Barria Zuniga, Daniel"]
[Black "Gabrielian, Artur"]
[WhiteFideId "3400816"]
[BlackFideId "4131002"]
[WhiteElo "2414"]
[BlackElo "2467"]
[Result "0-1"]
[Round "10"]
[TimeControl "180+1"]
[Date "2022.09.27"]
[WhiteClock "0:00:03"]
[BlackClock "0:00:19"]

1. d4 Nf6 2. c4 g6 3. Nc3 d5 4. Qa4+ Bd7 5. Qb3 Bc6 6. Nf3 Bg7 7. g3 dxc4 8. Qxc4 Bxf3 9. exf3 O-O 10. Be3 c6 11. Bg2 e6 12. O-O Nbd7 13. f4 Nb6 14. Qb3 Qd7 15. Rac1 Rfd8 16. Rfd1 Nbd5 17. h3 h5 18. a3 h4 19. Ne2 hxg3 20. fxg3 Nxe3 21. Qxe3 Nd5 22. Qb3 a5 23. Bf3 a4 24. Qd3 Qe7 25. Kf2 Rd7 26. h4 Nf6 27. Rc4 Ra5 28. Qc2 Nd5 29. Rxa4 Rxa4 30. Qxa4 Nc7 31. Nc3 Qd8 32. Ke3 b5 33. Qb4 Na6 34. Qb3 Bxd4+ 35. Ke2 Nc5 36. Qc2 Rd6 37. Ne4 Nxe4 38. Qxe4 c5 39. Qa8 Qxa8 40. Bxa8 Ra6 41. Be4 Bxb2 42. Rb1 Bd4 43. Rxb5 Rxa3 44. Bd3 Rc3 45. Rb8+ Kg7 46. Rc8 Ra3 47. Rc7 Ra2+ 48. Kf3 Kf8 49. Rc8+ Ke7 50. Rc7+ Kf6 51. Bb5 Ra3+ 52. Kg4 Bf2 53. f5 exf5+ 54. Kh3 Bxg3 55. Rb7 Be5+ 56. Kg2 Ra2+ 57. Kf1 Rb2 58. Bc6 Rxb7 59. Bxb7 c4 60. Ba6 c3 61. Bd3 Kg7 62. Kg2 f6 63. Kh3 Kh6 64. Bc2 f4 65. Kg4 f5+ 66. Kh3 Bf6 67. Bd1 Kg7 68. Bc2 f3 69. Bd1 f2 70. Kg2 Bxh4 0-1


[Site "https://www.chess.com"]

[Event "Titled Tuesday Blitz September 27 Early 2022"]
[White "Bartel, Michal"]
[Black "Kodinets, Konstantin L."]
[WhiteFideId "1119257"]
[BlackFideId "4122011"]
[WhiteElo "2274"]
[BlackElo "2447"]
[Result "1-0"]
[Round "10"]
[TimeControl "180+1"]
[Date "2022.09.27"]
[WhiteClock "0:00:39"]
[BlackClock "0:00:01"]

1. e4 e5 2. Nc3 d6 3. g3 Be7 4. Bg2 Nf6 5. Nge2 O-O 6. d3 Nc6 7. h3 Ne8 8. f4 f5 9. O-O fxe4 10. Nxe4 exf4 11. Nxf4 d5 12. Nxd5 Qxd5 13. Nf6+ Nxf6 14. Bxd5+ Nxd5 15. Rxf8+ Bxf8 16. c4 Nf6 17. g4 h6 18. Bf4 Be6 19. Bxc7 Rc8 20. Bf4 Rd8 21. Qe2 Nd4 22. Qf2 Bc5 23. Be3 Bxg4 24. b4 Nf3+ 25. Kg2 Bxe3 26. Qxe3 Nh4+ 27. Kh2 Bf5 28. Rd1 Re8 29. Qf2 g5 30. Rd2 Nh5 31. Re2 Rf8 32. Qc5 Nf4 33. Re3 b6 34. Qd6 Nhg6 35. c5 bxc5 36. bxc5 Rc8 37. c6 Kf7 38. c7 h5 39. d4 h4 40. d5 Nh5 41. Rf3 1-0


[Site "https://www.chess.com"]

[Event "Titled Tuesday Blitz September 27 Early 2022"]
[White "Begunov, Konstantin"]
[Black "Curtis, John"]
[WhiteFideId "4118510"]
[BlackFideId "3200256"]
[WhiteElo "2165"]
[BlackElo "2203"]
[Result "0-1"]
[Round "10"]
[TimeControl "180+1"]
[Date "2022.09.27"]
[WhiteClock "0:00:01"]
[BlackClock "0:00:48"]

1. d4 Nf6 2. c4 g6 3. f3 Bg7 4. e4 d6 5. Nc3 Nbd7 6. Be3 e5 7. Nge2 h5 8. Qd2 h4 9. O-O-O a6 10. Kb1 b5 11. cxb5 axb5 12. Nxb5 Ba6 13. Nec3 Qb8 14. Rc1 c6 15. dxe5 cxb5 16. exf6 Bxf6 17. Nd5 Bg7 18. Nc7+ Ke7 19. Nxa8 Qxa8 20. Rd1 Qc6 21. Bd4 f6 22. Bc3 Nc5 23. Rc1 Qb6 24. Bb4 Rc8 25. Be2 f5 26. exf5 gxf5 27. Rhe1 Kf8 28. Qd5 Bb7 29. Qxf5+ Kg8 30. Bd3 Nxd3 31. Rxc8+ Bf8 32. Qxf8+ Kh7 33. Qg8+ Kh6 34. Bd2+ Nf4 0-1


[Site "https://www.chess.com"]

[Event "Titled Tuesday Blitz September 27 Early 2022"]
[White "Bettalli, Francesco"]
[Black "Itkis, Boris"]
[WhiteFideId "2816453"]
[BlackFideId "1209167"]
[WhiteElo "2216"]
[BlackElo "2207"]
[Result "1/2-1/2"]
[Round "10"]
[TimeControl "180+1"]
[Date "2022.09.27"]
[WhiteClock "0:02:08"]
[BlackClock "0:00:17"]

1. d4 Nf6 2. Nc3 d5 3. Bg5 c6 4. Bxf6 exf6 5. e4 dxe4 6. Nxe4 Be7 7. Nf3 O-O 8. Bd3 Bg4 9. c3 Nd7 10. h3 Bh5 11. Ng3 Bg6 12. Nf5 Re8 13. O-O Nf8 14. Qb3 Qb6 15. Rae1 Qxb3 16. axb3 Bxf5 17. Bxf5 Bd6 18. Nd2 g6 19. Bd3 Kg7 20. b4 Ne6 21. Nc4 Bc7 22. g3 Ng5 23. Kg2 f5 24. h4 Ne4 25. Bxe4 fxe4 26. Re2 Re7 27. Rfe1 Rae8 28. Nd2 f5 29. Nb3 b6 30. Nc1 Kf6 31. b3 h6 32. f3 exf3+ 33. Kxf3 Rxe2 34. Rxe2 Rxe2 35. Nxe2 g5 36. hxg5+ hxg5 37. c4 Bd6 38. b5 cxb5 39. cxb5 Bb4 40. g4 f4 41. Ke4 Ke6 42. d5+ Kd6 43. Nd4 Bc3 44. Nc6 Kc5 45. Nxa7 Bf6 46. Nc8 Kxb5 47. d6 Kc6 48. d7 Kxd7 49. Nxb6+ Kc6 50. Nd5 Bd8 51. Nc3 Kc5 52. Nd5 Kb5 53. Nxf4 gxf4 54. Kxf4 Kb4 55. g5 Bxg5+ 56. Kxg5 Kxb3 1/2-1/2


[Site "https://www.chess.com"]

[Event "Titled Tuesday Blitz September 27 Early 2022"]
[White "Bilych, Olexiy"]
[Black "Shuvalov, Evgenij"]
[WhiteFideId "14156504"]
[BlackFideId "4187237"]
[WhiteElo "2157"]
[BlackElo "2033"]
[Result "1-0"]
[Round "10"]
[TimeControl "180+1"]
[Date "2022.09.27"]
[WhiteClock "0:00:23"]
[BlackClock "0:00:17"]

1. e4 e6 2. d4 d5 3. e5 c5 4. c3 Nc6 5. Nf3 Qb6 6. Bd3 cxd4 7. O-O Bd7 8. Nbd2 dxc3 9. bxc3 Qc7 10. Re1 Nge7 11. h4 Ng6 12. Qe2 Nf4 13. Qe3 Nxd3 14. Qxd3 Be7 15. c4 Nb4 16. Qb3 a5 17. Ba3 a4 18. Qc3 Nc6 19. cxd5 exd5 20. Bxe7 Kxe7 21. Nd4 Qa5 22. Qa3+ Kd8 23. N2f3 Re8 24. Rad1 Nxd4 25. Nxd4 Rc8 26. e6 fxe6 27. Qd6 e5 28. Rxe5 Rxe5 29. Qxe5 Qa6 30. Qxd5 Kc7 31. Qe5+ Kb6 32. Nf3 Bc6 33. Qd4+ Kc7 34. Qxg7+ Kb8 35. Ne5 Qe2 36. Nxc6+ Rxc6 37. Rd8+ Ka7 38. Qd4+ Rb6 39. Qxa4+ Ra6 40. Qd4+ Rb6 41. Rd6 Qe1+ 42. Kh2 Qb1 43. Rxb6 Qxb6 44. Qxb6+ Kxb6 45. f4 Kc5 46. f5 Kd5 47. g4 Ke5 48. Kg3 h5 49. a4 b6 50. Kf3 hxg4+ 51. Kxg4 Kf6 52. h5 Kf7 53. Kg5 Kg7 54. h6+ Kh7 55. f6 Kg8 56. Kg6 Kh8 57. f7 b5 58. f8=Q# 1-0


[Site "https://www.chess.com"]

[Event "Titled Tuesday Blitz September 27 Early 2022"]
[White "Broca Jimenez, Fernando"]
[Black "Namitbir Singh Walia"]
[WhiteFideId "5104742"]
[BlackFideId "35071068"]
[WhiteElo "2062"]
[BlackElo "1664"]
[Result "0-1"]
[Round "10"]
[TimeControl "180+1"]
[Date "2022.09.27"]
[WhiteClock "0:00:25"]
[BlackClock "0:00:26"]

1. e4 c5 2. c3 Nf6 3. e5 Nd5 4. d4 cxd4 5. Nf3 d6 6. Bc4 dxe5 7. Nxe5 e6 8. cxd4 Nb6 9. Bb3 Be7 10. O-O O-O 11. Nc3 N8d7 12. Nxd7 Bxd7 13. d5 exd5 14. Nxd5 Nxd5 15. Bxd5 Bc6 16. Bxc6 bxc6 17. Be3 Bf6 18. Qc2 Qd5 19. Rfd1 Qb5 20. Rab1 a5 21. Rdc1 Rfc8 22. Qc5 h6 23. b3 a4 24. b4 a3 25. g3 Bb2 26. Rc4 Rd8 27. Qxc6 Qf5 28. Re1 Rac8 29. Qe4 Qb5 30. Bc5 Re8 31. Qb1 Rxe1+ 32. Qxe1 Qxc4 33. Qe7 Qxa2 34. Qd7 Qe6 35. Qd2 Re8 0-1


[Site "https://www.chess.com"]